 Seeded DCSS version 0.28-a0-1347-g113dc556a4 (webtiles) character file.

Game seed: 20211227 (custom seed)

279997 a11behringer the Shatterer (level 19, -29/183 HPs)
             Began as a Minotaur Berserker on Dec 28, 2021.
             Was a High Priest of Trog.
             Annihilated by a vault warden (41 damage)
             ... on level 3 of the Vaults on Dec 30, 2021.
             The game lasted 02:34:14 (43776 turns).

a11behringer the Shatterer (Minotaur Berserker)    Turns: 43776, Time: 02:34:15

Health: -29/183    AC: 38    Str: 36    XL:     19   Next: 67%
Magic:  9/9        EV: 15    Int:  4    God:    Trog [*****.]
Gold:   1454       SH: 11    Dex: 20    Spells: 18/18 levels left

rFire   + . .      SeeInvis +   A - +10 mace of the World {speed, rN++ Dex+4 Stlth+}
rCold   + . .      Faith    .   a - +2 buckler {reflect}
rNeg    + + .      Spirit   .   V - +14 plate armour "Neruecaja" {-Cast +Inv Will+ rCorr}
rPois   +          Reflect  +   (helmet restricted)
rElec   .          Harm     .   b - scarf {rC+ rF+}
rCorr   +          Rampage  .   g - +2 pair of gloves
Will    +++..      Clarity  +   W - +0 pair of boots
Stlth   .......... NoCast   +   S - amulet of regeneration
HPRegen 1.20/turn               j - +6 ring of strength
MPRegen 0.11/turn               e - ring of the Pariah {rPois MP-9 Dex+6 SInv}

@: on berserk cooldown, slowed, very slow
A: horns 2, retaliatory headbutt, clarity, strong-willed 1, poison resistance,
shaggy fur 1
}: 2/15 runes: decaying, gossamer
a: Renounce Religion, Evoke Invisibility, Berserk, Trog's Hand, Brothers in Arms


You were on level 3 of the Vaults.
You worshipped Trog.
Trog was extremely pleased with you.
You visited 8 branches of the dungeon, and saw 36 of its levels.

You collected 4002 gold pieces.
You spent 2548 gold pieces at shops.

Inventory:

Hand Weapons
 l - the +7 morningstar of Analysis {vorpal, rCorr SInv}
   (Trog gifted it to you on level 3 of the Spider Nest)

   It inflicts extra damage upon your enemies.
   SInv:      It lets you see invisible.
   rCorr:     It protects you from acid and corrosion.
 o - a +2 arbalest of flaming
 w - the +5 mace of Gozag's Envy {vorpal, Fly rPois rC- Str+5}
   (You found it on level 4 of the Dungeon)

   It inflicts extra damage upon your enemies.
   Str:       It affects your strength (+5).
   rC:        It makes you vulnerable to cold.
   rPois:     It protects you from poison.
   Fly:       It grants you flight.
 A - the +10 mace of the World (weapon) {speed, rN++ Dex+4 Stlth+}
   (You found it on level 4 of the Dungeon)

   Attacks with this weapon are significantly faster.
   Dex:       It affects your dexterity (+4).
   rN:        It greatly protects you from negative energy.
   Stlth:     It makes you more stealthy.
 H - a +0 triple crossbow
 L - a +9 vorpal eveningstar
 Q - the +7 morningstar of the Final Decision {vorpal, Dex+5}
   (Trog gifted it to you on level 2 of the Vaults)

   It inflicts extra damage upon your enemies.
   Dex:       It affects your dexterity (+5).
 T - a +2 hand crossbow of electrocution
Missiles
 d - 1088 bolts
 E - 2 throwing nets (quivered)
Armour
 a - a +2 buckler of reflection (worn)
 b - a scarf of resistance (worn)
 g - a +2 pair of gloves (worn)
 V - the +14 plate armour "Neruecaja" (worn) {-Cast +Inv Will+ rCorr}
   (You found it on level 5 of the Lair of Beasts)

   +Inv:      It lets you turn invisible.
   -Cast:     It prevents spellcasting.
   rCorr:     It protects you from acid and corrosion.
   Will:      It increases your willpower.
 W - a +0 pair of boots (worn)
Jewellery
 e - the ring of the Pariah (right hand) {rPois MP-9 Dex+6 SInv}
   (You acquired it on level 11 of the Dungeon)

   [ring of dexterity]

   Dex:       It affects your dexterity (+6).
   rPois:     It protects you from poison.
   MP:        It affects your magic capacity (-9).
   SInv:      It lets you see invisible.
 j - a +6 ring of strength (left hand)
 B - a ring of protection from cold
 S - an amulet of regeneration (around neck)
 U - a ring of flight
 Y - the amulet of Vehumet's Reproof {Spirit Dex+6}
   (You bought it in a shop on level 2 of the Orcish Mines)

   [amulet of guardian spirit]

   It causes incoming damage to be divided between your reserves of health and
   magic.
   Dex:       It affects your dexterity (+6).
Wands
 f - a wand of charming (8)
 u - a wand of acid (24)
 y - a wand of digging (5)
 I - a wand of polymorph (2)
 J - a wand of paralysis (15)
 M - a wand of flame (36)
 Z - a wand of iceblast (27)
Scrolls
 c - 3 scrolls of magic mapping
 k - 2 scrolls of brand weapon
 m - 10 scrolls of fog
 n - 4 scrolls of silence
 p - 9 scrolls of teleportation
 q - 6 scrolls of enchant armour
 x - a scroll of fear
 z - 2 scrolls of enchant weapon
 K - 3 scrolls of blinking
 X - a scroll of holy word
Potions
 i - 18 potions of curing
 s - 4 potions of ambrosia
 t - 7 potions of might
 C - 6 potions of flight
 D - 10 potions of haste
 F - a potion of heal wounds
 N - 4 potions of cancellation
 O - 4 potions of resistance
 R - a potion of mutation
Miscellaneous
 h - a tin of tremorstones (2/2)
 v - a box of beasts


   Skills:
 + Level 19.4 Fighting
 * Level 25.5 Maces & Flails
 + Level 6.1 Crossbows
 + Level 17.4 Armour
 + Level 10.5 Dodging
 + Level 17.3 Shields
 * Level 8.2 Evocations


You had 18 spell levels left.
You didn't know any spells.
Your spell library was empty.

Dungeon Overview and Level Annotations

Branches:
Dungeon (15/15)            Temple (0/1) D:5            Lair (6/6) D:11
  Swamp (4/4) Lair:2       Spider (4/4) Lair:4        Slime (1/5) Lair:5
    Orc (2/2) D:10            Elf (1/3) Orc:2        Vaults (3/5) D:14
  Crypt (0/3) Vaults:2     Depths (0/4) D:15

Altars:
Ashenzari
Cheibriados
Elyvilon
Fedhas
Gozag
Qazlal
Sif Muna
Trog
Uskayaw
Vehumet
Wu Jian
Yredelemnul
Zin
Beogh

Shops:
D:4 !   D:8 **   D:9 :*   D:13 :   Orc:1 *   Orc:2 !(=[   Vaults:1 (

Portals:
Trove: D:12 (give +6 fire dragon scales)

Annotations:
D:8 3 runed translucent doors, Urgle's ghost, novice TrFi
Vaults:1 3 runed translucent doors


Innate Abilities, Weirdness & Mutations

You have a pair of horns on your head.
You reflexively headbutt those who attack you in melee.
You possess an exceptional clarity of mind.
You are strong-willed. (Will+)
Your system is resistant to poisons. (rPois)
You are covered in fur. (AC +1)


Message History

The ironbound convoker begins to recite a word of recall!
There is a broken door, summoned, spattered with blood here.
The ironbound convoker begins to recite a word of recall!
The ironbound frostheart is recalled.
The vault sentinel is recalled.
The vault guard is recalled.
An ironbound frostheart comes into view.
The vault guard hits you but does no damage.
A vault sentinel comes into view. It is wielding a +3 falchion.
The vault sentinel blows a loud note on a signal horn!
The vault guard hits you but does no damage.
A vault sentinel comes into view. It is wielding a +3 falchion.
The ironbound convoker points at the ironbound frostheart and mumbles some strange words.
The ironbound frostheart seems to grow stronger.
The vault warden hits you with a +1 long sword of holy wrath!!
* * * LOW HITPOINT WARNING * * *
A vault guard comes into view. It is wielding a +0 war axe.
There is a sealed passage leading up, summoned, spattered with blood here.
You feel much better.
The human is recalled.
A vault sentinel comes into view. It is wielding a +0 long sword.
The vault sentinel hits you with a +3 falchion.
* * * LOW HITPOINT WARNING * * *
A wizard comes into view.
It is wielding a +1 dagger of protection.
The vault guard hits you but does no damage.
You block the vault warden's attack.
An ironbound convoker comes into view. It is wielding a +0 morningstar.
A human comes into view.
You bludgeon the vault sentinel!!
The vault sentinel is heavily wounded.
The vault sentinel hits you but does no damage.
You block the vault guard's attack.
The vault warden hits you with a +1 long sword of holy wrath!!
* * * LOW HITPOINT WARNING * * *
You thump the vault sentinel!
Your headbutt misses the vault sentinel.
The vault sentinel is severely wounded.
The runic seal fades away.
Your skin stops crawling.
You feel less strong-willed. You block the vault sentinel's attack.
The vault guard barely misses you.
The vault warden hits you with a +1 long sword of holy wrath!!!
You die...

.........#
########
.#.....#.#
#.T.§†..
.........#
#..T>#..
..#...#pp#
#...T###
....#..pp#
#....# .
......)pp#
#....# .
#######T##
#....' .
#...pp[#
#....' .
#...@pp#
#....# .
#......# .
#......# #
#......#
#......#
###+####
.[ .. ...
...


You could see a vault warden (strong), a vault guard, a deep troll, 2 vault
sentinels, 3 ironbound convokers, 2 wizards and a human.

Vanquished Creatures
  Jorgrun (Spider:1)
  2 tentacled monstrosities (Vaults:1)
  A lich (Vaults:2)
  Rupert (Lair:3)
  Agnes (D:15)
  A sphinx (Vaults:3)
  A fenstrider witch (Swamp:4)
  7 emperor scorpions
  5 vault wardens
  4 ghost moths (Spider:4)
  An orc warlord (Vaults:2)
  Aizul (Spider:3)
  Louise (Spider:3)
  6 ironbound preservers
  4 very ugly things
  A broodmother (Spider:4)
  3 ironbound thunderhulks
  8 eleionomae
  3 entropy weavers
  2 bunyips
  Nessos (D:15)
  2 spark wasps
  2 minotaurs
  11 dire elephants
  A shambling mangrove (Swamp:3)
  Josephine (D:11)
  A great orb of eyes (Vaults:1)
  Harold (D:7)
  8 yaktaur captains
  10 boulder beetles
  Fannar (Lair:3)
  A rakshasa (D:14)
  4 ice dragons (Swamp:4)
  2 jorogumos
  2 ghost crabs
  6 vault guards
  4 radroaches
  A death knight (D:13)
  6 ironbound frosthearts
  7 two-headed ogres
  16 alligators
  18 hydras
  A dancing weapon (Elf:1)
  11 centaur warriors
  The ghost of Piusagh the Carver, a novice FoAK of Lugonu (D:15)
  5 orc high priests (Orc:2)
  3 tengu warriors (D:14)
  A vampire mage (Vaults:2)
  4 death yaks (Lair:5)
  Urug (Lair:2)
  5 pharaoh ants
  2 skeletal warriors
  A goliath frog (Swamp:3)
  4 steelbarb worms
  3 spriggan druids
  5 bog bodies
  8 ironbound convokers
  18 deep trolls
  16 orb spiders
  3 swamp dragons
  14 lindwurms
  3 wizards
  A deep elf archer (Elf:1)
  A glowing orange brain (Vaults:1)
  Pikel (D:4)
  A phantasmal warrior (Vaults:2)
  22 wolf spiders
  12 orc knights
  6 deep elf pyromancers
  2 deep elf zephyrmancers (Elf:1)
  5 oklob plants (Lair:5)
  4 manticores
  2 necromancers
  6 orc sorcerers
  9 cyclopes
  7 ugly things
  7 will-o-the-wisps
  2 moths of wrath
  4 vault sentinels
  Maurice (D:9)
  A guardian serpent (Lair:6)
  11 elephants
  11 black mambas
  A gargoyle (D:11)
  3 torpor snails
  Maggie (D:7)
  20 cane toads
  A rime drake (Lair:4)
  4 freezing wraiths (Swamp:4)
  23 yaktaurs
  9 demonic crawlers
  2 ice devils (Lair:4)
  An efreet (D:15)
  5 komodo dragons
  A tengu conjurer (D:13)
  13 polar bears
  15 meliai
  14 tyrant leeches
  4 trolls
  A wolf spider simulacrum (D:15)
  A bloated husk (Swamp:1)
  A tarantella (shapeshifter) (D:14)
  25 blink frogs
  2 raiju (Lair:6)
  18 hornets
  5 slime creatures
  14 tarantellas
  2 meliai zombies (D:10)
  A snapping turtle (shapeshifter) (Vaults:1)
  A harpy skeleton (D:15)
  Sigmund (D:2)
  22 jumping spiders
  A vampire (D:10)
  A water elemental (Elf:1)
  8 spriggans
  A spriggan (shapeshifter) (D:14)
  A human (Vaults:3)
  13 culicivoras
  18 wyverns
  7 wraiths
  A shadow (D:11)
  2 steam dragons
  7 basilisks
  53 yaks
  Menkaure (D:7)
  55 redbacks
  Grum (D:11)
  14 wargs
  8 vampire mosquitoes
  5 swamp worm simulacra (Swamp:4)
  13 hydra simulacra (Swamp:4)
  17 swamp worms
  18 water moccasins
  Duvessa (D:7)
  15 hell hounds (Lair:6)
  2 acid dragons
  2 swamp drakes
  2 ice beasts
  2 sky beasts
  30 orc warriors
  19 black bears
  2 hornet zombies
  A sky beast (shapeshifter) (D:15)
  A necrophage (D:5)
  27 wolves
  9 ogres
  17 centaurs
  2 phantoms
  Blork the orc (D:5)
  2 kobold brigands
  11 bullfrogs
  3 scorpions
  A water moccasin skeleton (D:6)
  Dowan (D:7)
  6 killer bees
  2 howler monkeys
  6 electric eels
  4 wights (D:9)
  4 centaur zombies
  5 hounds
  A jelly (D:4)
  Crazy Yiuf (D:4)
  3 gnoll shamans
  21 orc priests
  A bullfrog skeleton (D:6)
  5 centaur skeletons
  4 iguanas
  Ijyb (D:5)
  15 orc wizards
  Natasha (thrice) (D:2)
  A killer bee zombie (D:7)
  2 hound zombies (D:5)
  A howler monkey zombie (D:11)
  Robin (D:4)
  11 gnolls
  5 adders
  2 white imps
  3 swamp drake simulacra (Swamp:4)
  An adder skeleton (D:4)
  2 worms
  2 dart slugs
  61 orcs
  4 ball pythons
  5 endoplasms
  A giant cockroach (D:2)
  16 goblins
  18 hobgoblins
  4 quokkas
  5 bats
  2 frilled lizards (D:2)
  13 kobolds
  4 rats
1238 creatures vanquished.

Vanquished Creatures (collateral kills)
  The ghost of Bihe the Carver, a journeyman HuBe of Trog (Lair:5)
  A boulder beetle (Lair:5)
  A cyclops (D:15)
  A manticore (D:15)
  A komodo dragon (Lair:5)
  A bullfrog (Lair:5)
6 creatures vanquished.

Vanquished Creatures (others)
  An alligator (Swamp:2)
  A spriggan druid (Swamp:4)
  An oklob plant (Swamp:1)
  An unseen horror (D:13)
  2 bloated husks
  A tyrant leech (Swamp:4)
  2 tarantellas (Spider:3)
  2 jumping spiders
  A culicivora (Spider:4)
  2 redbacks (Spider:1)
  A swamp worm (Swamp:2)
  36 foxfires
  55 fungi
  62 plants
168 creatures vanquished.

Grand Total: 1412 creatures vanquished

Notes
Turn   | Place    | Note
-------+----------+-------------------------------------------
     0 | D:1      | a11behringer the Minotaur Berserker began the quest for the
                  | Orb.
     0 | D:1      | Reached XP level 1. HP: 19/19 MP: 0/0
   205 | D:1      | Reached skill level 4 in Maces & Flails
   207 | D:1      | Reached XP level 2. HP: 26/27 MP: 1/1
   426 | D:1      | Found a faded altar of an unknown god.
   900 | D:2      | Reached XP level 3. HP: 25/33 MP: 2/2
   905 | D:2      | Reached ** piety under Trog
  1086 | D:2      | Noticed Natasha
  1089 | D:2      | Killed Natasha
  1090 | D:2      | Reached skill level 5 in Maces & Flails
  1138 | D:2      | Noticed Sigmund
  1147 | D:2      | Killed Sigmund
  1148 | D:2      | Reached skill level 6 in Maces & Flails
  1148 | D:2      | Reached XP level 4. HP: 41/41 MP: 3/3
  1148 | D:2      | Reached XP level 5. HP: 47/47 MP: 4/4
  1184 | D:2      | Noticed Natasha
  1195 | D:2      | Killed Natasha
  1511 | D:2      | Noticed Natasha
  1514 | D:2      | Killed Natasha
  1515 | D:2      | Reached XP level 6. HP: 55/55 MP: 5/5
  2064 | D:3      | Reached skill level 7 in Maces & Flails
  2281 | D:4      | Reached skill level 5 in Fighting
  2444 | D:4      | Identified the +5 mace of Gozag's Envy {vorpal, Fly rPois
                  | rC- Str+5}
  2470 | D:4      | Identified the +6 mace of Discretion {protect, rPois}
  2472 | D:4      | Found a runed translucent door.
  2473 | D:4      | Noticed Crazy Yiuf
  2479 | D:4      | Killed Crazy Yiuf
  2484 | D:4      | Identified the +10 mace of the World {speed, rN++ Dex+4
                  | Stlth+}
  2541 | D:4      | Noticed a wyvern
  2546 | D:4      | Noticed Robin
  2549 | D:4      | Killed a wyvern
  2550 | D:4      | Reached XP level 7. HP: 61/61 MP: 6/6
  2565 | D:4      | Killed Robin
  2567 | D:4      | Reached skill level 8 in Maces & Flails
  2571 | D:4      | Reached *** piety under Trog
  2638 | D:4      | Found Myabubb's Distillery.
  2748 | D:4      | Noticed Pikel
  2756 | D:4      | Killed Pikel
  2757 | D:4      | Reached skill level 9 in Maces & Flails
  2757 | D:4      | Reached skill level 5 in Armour
  2757 | D:4      | Reached XP level 8. HP: 70/70 MP: 7/7
  2988 | D:4      | Bought a potion of heal wounds for 65 gold pieces
  3004 | D:5      | Entered Level 5 of the Dungeon
  3351 | D:5      | Reached skill level 10 in Maces & Flails
  3605 | D:5      | Noticed Blork the orc
  3608 | D:5      | Killed Blork the orc
  3621 | D:5      | Noticed Ijyb
  3631 | D:5      | Killed Ijyb
  3669 | D:5      | Found a staircase to the Ecumenical Temple.
  4216 | D:6      | Reached skill level 11 in Maces & Flails
  4285 | D:6      | Found a transporter.
  4313 | D:6      | Reached XP level 9. HP: 66/78 MP: 8/8
  4404 | D:6      | Found an ornate altar of the Wu Jian Council.
  4785 | D:6      | Reached **** piety under Trog
  4819 | D:6      | Reached skill level 12 in Maces & Flails
  5085 | D:6      | Reached skill level 13 in Maces & Flails
  5124 | D:6      | Found a transporter.
  5747 | D:7      | Reached XP level 10. HP: 74/86 MP: 9/9
  6059 | D:7      | Noticed Menkaure
  6065 | D:7      | Killed Menkaure
  6078 | D:7      | Reached skill level 5 in Dodging
  6108 | D:7      | Found a shimmering blue altar of Sif Muna.
  6137 | D:7      | Noticed Harold
  6142 | D:7      | Noticed Duvessa
  6149 | D:7      | Noticed Dowan
  6150 | D:7      | Killed Harold
  6151 | D:7      | Reached skill level 14 in Maces & Flails
  6155 | D:7      | Killed Duvessa
  6157 | D:7      | Killed Dowan
  6622 | D:7      | Noticed Maggie
  6632 | D:7      | Killed Maggie
  6822 | D:8      | Found a broken altar of Ashenzari.
  6908 | D:8      | Found a runed translucent gate.
  6908 | D:8      | Found a runed translucent gate.
  6908 | D:8      | Found a runed translucent gate.
  6923 | D:8      | Found a bloodstained altar of Trog.
  7100 | D:8      | Found Zin's Purification Station.
  7100 | D:8      | Found a glowing silver altar of Zin.
  7207 | D:8      | Noticed Urgle's ghost (novice TrFi)
  7565 | D:8      | Reached skill level 15 in Maces & Flails
  7855 | D:8      | Found Radycvuca's Assorted Antiques.
  8052 | D:9      | Found a blossoming altar of Fedhas.
  8052 | D:9      | Noticed Maurice
  8058 | D:9      | Found a stormy altar of Qazlal.
  8076 | D:9      | Killed Maurice
  8328 | D:9      | Reached skill level 1 in Shields
  8468 | D:9      | Found a white marble altar of Elyvilon.
  8470 | D:9      | Found an opulent altar of Gozag.
  8470 | D:9      | Found a snail-covered altar of Cheibriados.
  8472 | D:9      | Found a hide-covered altar of Uskayaw.
  8537 | D:9      | Reached XP level 11. HP: 93/95 MP: 10/10
  8562 | D:9      | Found Cah Hush's Book Shop.
  8685 | D:9      | Found Veitsiyma's Assorted Antiques.
  8693 | D:9      | Bought a shiny buckler for 172 gold pieces
  9153 | D:10     | Entered Level 10 of the Dungeon
  9168 | D:10     | Noticed a two-headed ogre
  9179 | D:10     | Killed a two-headed ogre
  9432 | D:10     | Noticed a two-headed ogre
  9442 | D:10     | Killed a two-headed ogre
  9443 | D:10     | Reached skill level 10 in Armour
  9514 | D:10     | Noticed a two-headed ogre
  9527 | D:10     | Reached skill level 16 in Maces & Flails
  9534 | D:10     | Reached ***** piety under Trog
  9542 | D:10     | Killed a two-headed ogre
  9697 | D:10     | Found a staircase to the Orcish Mines.
  9836 | D:10     | Noticed a tengu warrior
  9836 | D:10     | Noticed a skeletal warrior
  9837 | D:10     | Noticed an ogre mage
  9848 | D:10     | Noticed a boulder beetle
  9866 | D:10     | Found a basalt altar of Yredelemnul.
 10220 | D:11     | Noticed a two-headed ogre
 10226 | D:11     | Killed a two-headed ogre
 10227 | D:11     | Reached skill level 10 in Fighting
 10322 | D:11     | Found a white marble altar of Elyvilon.
 10323 | D:11     | Noticed a brown ugly thing
 10337 | D:11     | Killed a brown ugly thing
 10500 | D:11     | Noticed a two-headed ogre
 10504 | D:11     | Killed a two-headed ogre
 10511 | D:11     | Found a staircase to the Lair.
 10519 | D:11     | Noticed Josephine
 10539 | D:11     | Killed Josephine
 10540 | D:11     | Reached skill level 5 in Shields
 10540 | D:11     | Reached XP level 12. HP: 101/107 MP: 11/11
 10543 | D:11     | Reached skill level 17 in Maces & Flails
 10732 | D:11     | Identified a scroll of acquirement
 10732 | D:11     | Acquired the ring of the Pariah {rPois MP-9 Dex+6 SInv}
 10750 | D:11     | Noticed Grum
 10767 | D:11     | Killed Grum
 11205 | D:12     | Noticed a two-headed ogre
 11211 | D:12     | Killed a two-headed ogre
 11305 | D:12     | Received a gift from Trog
 11419 | D:12     | Reached skill level 1 in Crossbows
 11941 | D:12     | Found a portal to a secret trove of treasure.
 12469 | D:13     | Noticed a centaur warrior
 12475 | D:13     | Killed a centaur warrior
 12688 | D:13     | Found Vawn's Book Boutique.
 12688 | D:13     | Noticed a centaur warrior
 12907 | D:13     | Noticed a two-headed ogre
 12911 | D:13     | Killed a centaur warrior
 12915 | D:13     | Killed a two-headed ogre
 13093 | D:8      | Bought a warped flail for 263 gold pieces
 13093 | D:8      | Identified the +4 flail of the Pit {flame, rElec rC++} (You
                  | bought it in a shop on level 8 of the Dungeon)
 13145 | Orc:1    | Entered Level 1 of the Orcish Mines
 13173 | Orc:1    | Reached skill level 18 in Maces & Flails
 13192 | Orc:1    | Found Zasaq's General Store.
 13750 | Orc:2    | Entered Level 2 of the Orcish Mines
 13774 | Orc:2    | Reached XP level 13. HP: 117/117 MP: 3/12
 13998 | Orc:2    | Found a staircase to the Elven Halls.
 14839 | Orc:2    | Reached skill level 5 in Crossbows
 15002 | Orc:2    | Found Onkeibukk's Distillery.
 15002 | Orc:2    | Found Xicuf's Armour Shop.
 15003 | Orc:2    | Found Ufieqoem's Antique Weapon Shop.
 15003 | Orc:2    | Found Tokhlotza's Jewellery Boutique.
 15010 | Orc:2    | Bought a potion of heal wounds for 55 gold pieces
 15010 | Orc:2    | Bought 2 potions of cancellation for 176 gold pieces
 15010 | Orc:2    | Bought 2 potions of heal wounds for 110 gold pieces
 15882 | Elf:1    | Entered Level 1 of the Elven Halls
 16113 | Elf:1    | Found a radiant altar of Vehumet.
 16420 | D:13     | Reached skill level 19 in Maces & Flails
 17244 | D:14     | Noticed an ironbound preserver
 17466 | D:14     | Reached XP level 14. HP: 106/129 MP: 4/13
 17739 | D:14     | Killed an ironbound preserver
 17793 | D:14     | Found a gate to the Vaults.
 18760 | D:14     | Upgraded the game from 0.28-a0-1312-g71652a0310 to
                  | 0.28-a0-1339-ga5422284a4
 18889 | Lair:1   | Entered Level 1 of the Lair of Beasts
 19033 | Lair:1   | Received a gift from Trog
 19509 | Lair:2   | Reached skill level 10 in Shields
 20286 | Lair:2   | Found a staircase to the Swamp.
 20509 | Lair:2   | Reached skill level 20 in Maces & Flails
 20550 | Lair:2   | Noticed Urug
 20560 | Lair:2   | Killed Urug
 21411 | Lair:3   | Noticed Rupert
 21427 | Lair:3   | Killed Rupert
 21448 | Lair:3   | Noticed Fannar
 21466 | Lair:3   | Killed Fannar
 22387 | Lair:4   | Reached XP level 15. HP: 112/139 MP: 5/14
 22567 | Lair:4   | Found a hole to the Spider Nest.
 22792 | Lair:4   | Found an ornate altar of the Wu Jian Council.
 23159 | Lair:4   | Found a runed translucent door.
 23789 | Lair:5   | Found a staircase to the Slime Pits.
 23845 | Lair:5   | Identified the +7 great mace "Weink" {vorpal, Will+} (Trog
                  | gifted it to you on level 5 of the Lair of Beasts)
 23845 | Lair:5   | Received a gift from Trog
 23868 | Lair:5   | Reached skill level 10 in Dodging
 23891 | Lair:5   | Found a transporter.
 23902 | Lair:5   | Noticed Bihe's ghost (journeyman HuBe)
 23970 | Lair:5   | Found a transporter.
 24012 | Lair:5   | Killed Bihe's ghost
 24013 | Lair:5   | Reached skill level 15 in Fighting
 24369 | Lair:5   | Identified the +14 plate armour "Neruecaja" {-Cast +Inv
                  | Will+ rCorr}
 24696 | Lair:5   | Reached skill level 21 in Maces & Flails
 25162 | Lair:6   | Entered Level 6 of the Lair of Beasts
 25726 | Lair:6   | Received a gift from Trog
 26441 | Lair:6   | Reached XP level 16. HP: 151/151 MP: 6/15
 26544 | Lair:6   | Reached skill level 22 in Maces & Flails
 27145 | Spider:1 | Entered Level 1 of the Spider Nest
 27546 | D:15     | Entered Level 15 of the Dungeon
 27600 | D:15     | Noticed Piusagh's ghost (novice FoAK)
 27625 | D:15     | Received a gift from Trog
 27775 | D:15     | Found a runed translucent gate.
 27775 | D:15     | Found a runed translucent gate.
 27775 | D:15     | Found a runed translucent gate.
 27841 | D:15     | Noticed Nessos
 27851 | D:15     | Killed Nessos
 28247 | D:15     | Found a staircase to the Depths.
 28605 | D:15     | Noticed Agnes
 28620 | D:15     | Killed Agnes
 28903 | D:15     | Killed Piusagh's ghost
 29165 | Orc:2    | Bought the amulet of Vehumet's Reproof {Spirit Dex+6} for
                  | 595 gold pieces
 29438 | D:4      | Bought a potion of haste for 130 gold pieces
 29438 | D:4      | Gained mutation: You sometimes lose the ability to read
                  | scrolls when taking damage. [potion of mutation]
 29438 | D:4      | Gained mutation: Your spells are a little easier to cast,
                  | but a little less powerful. [potion of mutation]
 29438 | D:4      | Gained mutation: You are strong-willed. (Will+) [potion of
                  | mutation]
 29439 | D:4      | Lost mutation: You sometimes lose the ability to read
                  | scrolls when taking damage. [potion of mutation]
 29574 | D:8      | Bought a scroll of silence for 232 gold pieces
 29574 | D:8      | Bought a scroll of identify for 62 gold pieces
 29632 | D:9      | Bought a scroll of enchant weapon for 172 gold pieces
 29632 | D:9      | Bought a glowing scarf for 184 gold pieces
 29632 | D:9      | Bought a scroll of enchant armour for 172 gold pieces
 29632 | D:9      | Bought a scroll of magic mapping for 80 gold pieces
 29632 | D:9      | Bought a scroll of fear for 80 gold pieces
 30044 | Swamp:1  | Entered Level 1 of the Swamp
 30421 | Swamp:1  | Reached skill level 1 in Evocations
 30799 | Swamp:1  | Identified the +4 chain mail "Xulied" {+Inv rF++ rC+ Dex-2}
 31266 | Swamp:2  | Reached skill level 15 in Armour
 32011 | Swamp:3  | Reached skill level 23 in Maces & Flails
 32066 | Swamp:3  | Reached XP level 17. HP: 67/160 MP: 5/16
 33037 | Swamp:4  | Entered Level 4 of the Swamp
 33582 | Swamp:4  | Received a gift from Trog
 33818 | Swamp:4  | Got a decaying rune of Zot
 34743 | Slime:1  | Entered Level 1 of the Pits of Slime
 34749 | Lair:5   | Upgraded the game from 0.28-a0-1339-ga5422284a4 to
                  | 0.28-a0-1347-g113dc556a4
 35340 | Spider:1 | Noticed Jorgrun
 35352 | Spider:1 | Killed Jorgrun
 36366 | Spider:2 | Identified the +3 great mace "Uhetsec" {flame, *Corrode Fly
                  | rF+ Str+6} (Trog gifted it to you on level 2 of the Spider
                  | Nest)
 36366 | Spider:2 | Received a gift from Trog
 37131 | Spider:3 | Reached skill level 15 in Shields
 37140 | Spider:3 | Reached skill level 5 in Evocations
 38020 | Spider:3 | Reached XP level 18. HP: 162/171 MP: 8/17
 38543 | Spider:4 | Entered Level 4 of the Spider Nest
 38543 | Spider:4 | Noticed Louise
 38570 | Spider:4 | Noticed Aizul
 38612 | Spider:3 | Gained mutation: Armour fits poorly on your strangely
                  | shaped body. [mutagenic glow]
 38658 | Spider:3 | Killed Aizul
 38658 | Spider:3 | Identified the +7 morningstar of Analysis {vorpal, rCorr
                  | SInv} (Trog gifted it to you on level 3 of the Spider Nest)
 38658 | Spider:3 | Received a gift from Trog
 38665 | Spider:3 | Reached skill level 24 in Maces & Flails
 38813 | Spider:3 | Killed Louise
 39862 | Spider:4 | Got a gossamer rune of Zot
 40168 | D:9      | Lost mutation: You are strong-willed. (Will+) [potion of
                  | mutation]
 40168 | D:9      | Lost mutation: Your spells are a little easier to cast, but
                  | a little less powerful. [potion of mutation]
 40168 | D:9      | Lost mutation: Armour fits poorly on your strangely shaped
                  | body. [potion of mutation]
 40168 | D:9      | Gained mutation: Your body sometimes deteriorates upon
                  | taking damage. [potion of mutation]
 40168 | D:9      | Gained mutation: You are clumsy. (Dex -2) [potion of
                  | mutation]
 40168 | D:9      | Gained mutation: Your system is resistant to poisons.
                  | (rPois) [potion of mutation]
 40169 | D:9      | Lost mutation: Your system is resistant to poisons. (rPois)
                  | [potion of mutation]
 40169 | D:9      | Lost mutation: Your body sometimes deteriorates upon taking
                  | damage. [potion of mutation]
 40169 | D:9      | Lost mutation: You are clumsy. (Dex -2) [potion of
                  | mutation]
 40169 | D:9      | Gained mutation: Your body sometimes deteriorates upon
                  | taking damage. [potion of mutation]
 40170 | D:9      | Lost mutation: Your body sometimes deteriorates upon taking
                  | damage. [potion of mutation]
 40170 | D:9      | Gained mutation: You are agile. (Dex +2) [potion of
                  | mutation]
 40170 | D:9      | Gained mutation: You are dopey. (Int -2) [potion of
                  | mutation]
 40170 | D:9      | Gained mutation: You possess an exceptional clarity of
                  | mind. [potion of mutation]
 40170 | D:9      | Gained mutation: Your natural rate of healing is unusually
                  | fast. [potion of mutation]
 40171 | D:9      | Lost mutation: You are agile. (Dex +2) [potion of mutation]
 40171 | D:9      | Lost mutation: You are dopey. (Int -2) [potion of mutation]
 40171 | D:9      | Gained mutation: You are strong-willed. (Will+) [potion of
                  | mutation]
 40171 | D:9      | Gained mutation: Your system is resistant to poisons.
                  | (rPois) [potion of mutation]
 40171 | D:9      | Lost mutation: Your natural rate of healing is unusually
                  | fast. [potion of mutation]
 40171 | D:9      | Gained mutation: You are covered in fur. (AC +1) [potion of
                  | mutation]
 40310 | Vaults:1 | Entered Level 1 of the Vaults
 40796 | Vaults:1 | Noticed a tentacled monstrosity
 40803 | Vaults:1 | Killed a tentacled monstrosity
 40816 | Vaults:1 | Noticed a tentacled monstrosity
 40822 | Vaults:1 | Killed a tentacled monstrosity
 40869 | Vaults:1 | Found Jaeckaph's Antique Weapon Shop.
 40983 | Vaults:1 | Reached ****** piety under Trog
 41177 | Vaults:1 | Reached XP level 19. HP: 171/181 MP: 9/18
 41257 | Vaults:1 | Found a runed translucent gate.
 41257 | Vaults:1 | Found a runed translucent gate.
 41257 | Vaults:1 | Found a runed translucent gate.
 41325 | Vaults:1 | Received a gift from Trog
 41827 | Vaults:2 | Reached skill level 25 in Maces & Flails
 42694 | Vaults:2 | Found a staircase to the Crypt.
 42919 | Vaults:2 | Identified the +7 morningstar of the Final Decision
                  | {vorpal, Dex+5} (Trog gifted it to you on level 2 of the
                  | Vaults)
 42919 | Vaults:2 | Received a gift from Trog
 43776 | Vaults:3 | Annihilated by a vault warden

Illustrated notes

Levels and vault maps discovered:
D:1:      minmay_arrival_pointy, layout_rooms,
          dreamdust_ecumenical_altar_statues, bh_walls_and_bars
D:2:      minmay_angry_zag, layout_rooms,
          nicolae_concentric_dashed_squares_wild, uniq_natasha, uniq_sigmund
D:3:      layout_loops_ring
D:4:      layout_cave_pools, serial_shops, shop, uniq_pikel, uniq_robin,
          uniq_crazy_yiuf_cottage
D:5:      layout_basic, minmay_temple_entry_junction, uniq_blork_the_orc,
          uniq_ijyb
D:6:      gammafunk_steamed_eel, layout_basic, lemuel_doored_altar,
          minmay_holes, chequers_garden, grunt_potential
D:7:      layout_loops_ring, lemuel_coloured_pillars_altar, uniq_harold,
          uniq_maggie, uniq_duvessa, uniq_menkaure
D:8:      layout_layer_cave, mainiacjoe_overflow_brackets,
          trog_three_pillars_becter, zin_purify, gammafunk_ghost_icy,
          serial_shops, kennysheep_mini_moat, minmay_misc_feat_secret_circle,
          nrook_loot_triangle, grunt_ogre_cave
D:9:      layout_cave_pods, grunt_temple_overflow_forces_of_nature,
          grunt_temple_overflow_open, serial_shops, nicolae_shop_hallway_stairs,
          shop, uniq_maurice
D:10:     layout_cave_pools, mainiacjoe_overflow_tiny_flanked, erik_orc_3,
          minmay_misc_feat_square, minivault_12
D:11:     layout_roguey, due_lair_maze_entry_diamond, elyvilon_altar_3,
          uniq_josephine, uniq_grum
D:12:     layout_loops_corners, nicolae_trove_entry_crystal
D:13:     layout_roguey, kennysheep_windowed_goal
D:14:     layout_basic, skrybe_vaults_entry_preservation
D:15:     grunt_enter_depths_magical_seal, layout_irregular_city,
          maelrawn_ghost_gauntlet_escape, minmay_misc_feat_enclosed,
          uniq_nessos, uniq_agnes
Lair:1:   layout_cave_shapes, serial_bayou_shore_a, grunt_megastairs_3
Lair:2:   nzn_winding_woodlands_stair_cross
          [nzn_winding_woodlands_5x15_sidewinder,
          nzn_winding_woodlands_center_lodge,
          nzn_winding_woodlands_5x15_lazy_stream,
          nzn_winding_woodlands_5x5_closed_star,
          nzn_winding_woodlands_5x5_three,
          nzn_winding_woodlands_5x15_concentric,
          nzn_winding_woodlands_center_diamonds,
          nzn_winding_woodlands_5x15_longhouse], layout_regular_city,
          minmay_swamp_entry_worms, hibernation_bobbens, uniq_urug
Lair:3:   layout_chaotic_city, uniq_fannar, uniq_rupert
Lair:4:   dreamdust_labyrinth, layout_regular_city, spider_nest_entry_rubble,
          portal_ice_cave_demonic_guard, lemuel_centaur_altar
Lair:5:   layout_regular_city, minmay_slime_entry_oklob_open,
          gammafunk_ghost_arena
Lair:6:   hangedman_lair_caniforms_friends, layout_cave_pods,
          hangedman_lair_tendril_chambers
Swamp:1:  layout_falls_marsh, nicolae_swamp_very_dense_foliage,
          nicolae_swamp_oklob_treasure_island
Swamp:2:  layout_basic_swamp, hangedman_swamp_cone
Swamp:3:  layout_falls_marsh, evilmike_swamp_ruin_rubble_2
Swamp:4:  swamp_icy, layout_basic_swamp, swamp_pool4
Spider:1: layout_spider_delve, hangedman_spider_tarantella_strand, uniq_jorgrun
Spider:2: layout_spider_delve
Spider:3: layout_spider_delve, nicolae_spider_some_kinda_spiderbox
Spider:4: spider_rune_water, uniq_aizul, uniq_louise
Slime:1:  layout_caves, cheibrodos_slime_lost_civilization_4
Orc:1:    layout_caves, serial_shops, nicolae_shop_crystal
Orc:2:    st_orc_pillars, layout_caves, david_defended_altar_orc
Elf:1:    eino_elf_arrival_altar, layout_loops_corners,
          hangedman_elven_crosses_minicolossus, nicolae_elf_deep_friendship
Vaults:1: ploomutoo_gammafunk_ghost_potion_laboratory,
          ontoclasm_vaults_shuriken, v_alt_pattern_2, hangedman_vaults_maws,
          vaults_room_large_hall, v_misc_27, vaults_dpeg_ring,
          vaults_room_ringed_pool, nicolae_vaults_diagonal_hallway_9,
          ontoclasm_vaults_chip, ontoclasm_vaults_decontamination,
          vaults_room_stairs_pillars, v_rooms_3, v_misc_28,
          nicolae_vaults_gold_heap, layout_vaults_omnicross, serial_shops, shop
Vaults:2: v_alt_pattern_6, hangedman_vaults_stream,
          nicolae_vaults_branching_niches, nicolae_vaults_yaktaur_gun_rack,
          ontoclasm_vaults_hangar, nicolae_vaults_angled_halls,
          vaults_standard_mumra_x, v_alt_pattern_1, vaults_room_pools,
          minmay_crypt_entry_simple_box, layout_vaults_omnigrid
Vaults:3: v_rooms_6, ontoclasm_vaults_gateway,
          nicolae_vaults_diagonal_hallway_8, v_misc_12,
          nicolae_vaults_diagonal_hallway_6, vaults_dpeg_encased_lava,
          vaults_room_octagon, nicolae_vaults_circle_grid_b,
          nicolae_vaults_ring_of_whatevers, grunt_vaults_focal,
          nicolae_vaults_mini_display_case, nicolae_vaults_rhombus_5,
          layout_vaults_ring, serial_shops, bzr_entry_customers,
          nicolae_shop_stone

Skill      XL: |  1  2  3  4  5  6  7  8  9 10 11 12 13 14 15 16 17 18 19 |
---------------+----------------------------------------------------------+-----
Maces & Flails | 4 6 7 9 11 13 15 16 18 19 20 21 23 24 25 | 25.5
Fighting       | 4 5 6 7 8 10 11 13 14 15 16 17 18 19 | 19.4
Armour         | 3 4 5 6 8 9 10 11 12 13 15 16 17 | 17.4
Dodging        | 3 4 5 7 8 9 10 | 10.5
Shields        | 1 5 6 8 10 12 13 15 16 17 | 17.3
Crossbows      | 3 5 6 |  6.1
Evocations     | 2 5 7 8 |  8.2

Action                   |  1- 3 |  4- 6 |  7- 9 | 10-12 | 13-15 | 16-18 | 19-21 || total
-------------------------+-------+-------+-------+-------+-------+-------+-------++-------
Melee: Mace              |    63 |    72 |   173 |   517 |  1282 |  1725 |   397 ||  4229
       Headbutt          |    11 |    17 |    41 |   137 |   468 |   625 |   179 ||  1478
Invok: Berserk           |     1 |     3 |     3 |     5 |     9 |    14 |     4 ||    39
       Trog's Hand       |     1 |     2 |     2 |     5 |    11 |    15 |     3 ||    39
       Brothers in Arms  |       |       |       |       |     1 |     2 |       ||     3
Evoke: Tin of tremorston |       |       |       |       |       |     1 |       ||     1
  Use: Scroll            |       |       |       |    18 |     8 |     8 |     1 ||    35
       Potion            |       |       |       |       |     1 |    10 |     2 ||    13
 Stab: Sleeping          |       |       |       |     2 |     1 |       |       ||     3
       Distracted        |       |       |       |       |       |       |     1 ||     1
Armor: Leather armour    |    14 |       |       |       |       |       |       ||    14
       Ring mail         |     3 |    26 |    15 |       |       |       |       ||    44
       Scale mail        |       |       |    26 |    41 |   187 |       |       ||   254
       Acid dragon scale |       |       |       |    52 |       |       |       ||    52
       Plate armour      |       |       |       |       |   131 |   881 |   122 ||  1134
Dodge: Dodged            |    35 |    40 |    80 |   207 |   542 |   947 |   117 ||  1968
Block: Buckler           |       |       |       |    87 |   391 |   893 |   153 ||  1524
       Reflection        |       |       |       |     7 |    20 |    21 |    17 ||    65

Table legend: (Time is in decaauts)
 A = Elapsed time spent in this place.
 B = Non-inter-level travel time spent in this place.
 C = Inter-level travel time spent in this place.
 D = Time resting spent in this place.
 E = Time spent auto-exploring this place.
 F = Levels seen in this place.
 G = Mean time per level.
                   A        B        C        D        E       F      G
               +--------+--------+--------+--------+--------+-----+--------+
         Total |  42443 |  36761 |   5682 |   3081 |  28049 |  36 | 1179.0 |
       Dungeon |  17738 |  15244 |   2494 |    219 |  13075 |  15 | 1182.5 |
          Lair |   9179 |   7859 |   1320 |    681 |   6047 |   6 | 1529.8 |
         Swamp |   4599 |   4217 |    382 |    649 |   2886 |   4 | 1149.8 |
   Spider Nest |   4456 |   3952 |    504 |   1208 |   1860 |   4 | 1114.0 |
    Slime Pits |      1 |      1 |      0 |      0 |      0 |   1 |    1.0 |
  Orcish Mines |   3062 |   2363 |    699 |    322 |   1706 |   2 | 1531.0 |
   Elven Halls |    249 |    243 |      6 |      0 |    199 |   1 |  249.0 |
        Vaults |   3156 |   2881 |    275 |      0 |   2274 |   3 | 1052.0 |
               +--------+--------+--------+--------+--------+-----+--------+

Top non-repeatable levels by time:
  Lair:4: 2455 daAuts
   Orc:2: 2041 daAuts
  Lair:2: 2004 daAuts
  Lair:6: 1735 daAuts
     D:6: 1721 daAuts
Vaults:2: 1694 daAuts
 Swamp:4: 1565 daAuts
    D:14: 1562 daAuts
    D:12: 1484 daAuts
    D:13: 1479 daAuts
Spider:3: 1424 daAuts
  Lair:5: 1393 daAuts
    D:15: 1381 daAuts
     D:8: 1341 daAuts
Vaults:1: 1322 daAuts
